 Dungeon Crawl Stone Soup version 0.24-a0-201-gf205589 (webtiles) character file.

Game seed: 6773204177851712601

38 Borgoz the Cutter (level 3, -11/22 HPs)
             Began as a Gargoyle Gladiator on Mar 25, 2019.
             Killed by divine providence
             ... invoked by an orc priest
              (14 damage)
             ... on level 2 of the Dungeon.
             The game lasted 00:01:50 (926 turns).

Borgoz the Cutter (Gargoyle Gladiator)               Turns: 926, Time: 00:01:51

Health: -11/22     AC: 14    Str: 17    XL:     3   Next: 43%
Magic:  3/3        EV:  5    Int:  8    God:
Gold:   31         SH:  0    Dex: 12    Spells: 2/2 levels left

rFire    . . .     SeeInvis .   a - +0 rapier
rCold    . . .     Gourm    .   (no shield)
rNeg     + . .     Faith    .   g - +0 plate armour
rPois    ∞         Spirit   .   c - +0 helmet
rElec    +         Reflect  .   (no cloak)
rCorr    .         Harm     .   (no gloves)
MR       .....                  (no boots)
Stlth    ..........             (no amulet)
HPRegen  0.07/turn              (no ring)
MPRegen  0.08/turn              (no ring)

@: no status effects
A: negative energy resistance 1, electricity resistance, unbreathing,
petrification resistance, rot immunity, AC +3
a: no special abilities


You were on level 2 of the Dungeon.
You were not hungry.

You visited 1 branch of the dungeon, and saw 2 of its levels.

You collected 31 gold pieces.

Inventory:

Hand Weapons
 a - a +0 rapier (weapon)
Missiles
 d - 3 throwing nets (quivered)
Armour
 b - a +1 pair of gloves
 c - a +0 helmet (worn)
 g - a +0 plate armour (worn)
Jewellery
 o - a cursed -6 ring of strength {unknown}
Scrolls
 e - 2 scrolls of amnesia {unknown}
 j - a scroll of identify {unknown}
 k - a scroll of noise {unknown}
 l - a scroll of fear {unknown}
 n - a scroll of teleportation {unknown}
 p - a scroll of immolation {unknown}
Potions
 i - 3 potions of degeneration {unknown}
 m - a potion of curing {unknown}
Comestibles
 f - 3 rations


   Skills:
 + Level 2.4 Fighting
 * Level 3.0 Short Blades
 - Level 1.7 Throwing
 * Level 1.4 Armour
 * Level 2.8 Dodging
 + Level 1.0 Stealth


You had 2 spell levels left.
You didn't know any spells.
Your spell library was empty.

Dungeon Overview and Level Annotations

Branches:
Dungeon (2/15)

Altars:


Innate Abilities, Weirdness & Mutations

You are resistant to torment.
Your stone body is resilient. (AC +3)
You are immune to poison.
You resist negative energy. (rN+)
You are resistant to electric shocks. (rElec)
You can survive without breathing.
You are immune to petrification.
You are immune to rotting.


Message History

An orc priest comes into view. It is wielding a +0 dagger.
The orc priest shouts! x2
You hit the adder.
The adder is lightly wounded.
You hear a shout!
The adder bites you but does no damage.
The orc priest invokes the aid of Beogh against you.
Beogh smites you!
Ouch! That really hurt!
The orc priest mumbles some strange prayers to Beogh against you.
Beogh smites you!
* * * LOW HITPOINT WARNING * * *
The adder barely misses you. The adder barely misses you.
There is a stone staircase leading up here.
The adder bites you but does no damage.
The orc priest mumbles some strange prayers to Beogh against you.
Beogh smites you!
Ouch! That really hurt!
You die...

........#..
.....o....
##..o....#
#.(......######
#.............#
#.....).......# ..
............†.#....
.........S......##
..........@........
.$#####........##..
. #.......##
#.......# #.......#
#....##.. #.....
... #..... ....


You could see 2 orc priests and an adder.

Vanquished Creatures
  2 dart slugs (D:1)
  A leopard gecko (D:1)
  2 giant cockroaches (D:1)
  A goblin (D:1)
  11 hobgoblins
  2 jackals (D:1)
  4 bats (D:1)
  2 frilled lizards (D:1)
  3 kobolds (D:1)
  A rat (D:1)
29 creatures vanquished.

Notes
Turn   | Place    | Note
-------+----------+-------------------------------------------
     0 | D:1      | Borgoz the Gargoyle Gladiator began the quest for the Orb.
     0 | D:1      | Reached XP level 1. HP: 12/12 MP: 1/1
   216 | D:1      | Reached XP level 2. HP: 12/17 MP: 2/2
   358 | D:1      | Reached skill level 1 in Armour
   642 | D:1      | Reached skill level 3 in Short Blades
   642 | D:1      | Reached XP level 3. HP: 22/22 MP: 3/3
   747 | D:1      | Reached skill level 1 in Stealth
   926 | D:2      | Killed from afar by an orc priest

Levels and vault maps discovered:
D:1:      dpeg_arrival_tiny_i, layout_loops_ring, kennysheep_minor_cross
D:2:      layout_basic

Skill      XL: |  1  2  3 |
---------------+----------+-----
Armour         | 1 |  1.4
Short Blades   | 3 |  3.0
Stealth        | 1 |  1.0
Fighting       | |  2.4
Throwing       | |  1.7
Dodging        | |  2.8

Action                   || total
-------------------------++-------
Melee: Rapier            ||   117
Armor: Plate armour      ||   133
Dodge: Dodged            ||    46

Table legend:
 A = Non-vault XP
 B = Vault XP
 C = Vault XP percentage of total XP
 D = Non-vault monster count
 E = Vault monster count
 F = Vault count percentage of total count
                 A         B        C        D         E       F
            +---------+---------+-------+---------+---------+-------
      Total |      55 |       0 |   0.0 |      29 |       0 |   0.0
            +---------+---------+-------+---------+---------+-------
        D:1 |      53 |       0 |   0.0 |      28 |       0 |   0.0
        D:2 |       2 |       0 |   0.0 |       1 |       0 |   0.0
            +---------+---------+-------+---------+---------+-------
